[ AOE2 MATCH · #505930144 ]
UnrankedRomans vs Saracens
Player's team · LOSS
Rival team · WIN
[ REPLAY ANALYSIS · EXTRACTED FROM THE RECORDED GAME ]
Feudal
8:29
Castle
23:37
Imperial
—
| APM avg | 39.6 |
| APM peak | 66 |
| eAPM avg | 19.6 |
| Villagers / military | 82 / 48 |
Focus
⚔️ 39.7% · 🌾 60.3%
Archer ×33 · Mangonel ×9 · Battering Ram ×5 · Centurion ×1
Feudal
11:20
Castle
18:49
Imperial
40:14
| APM avg | 54.5 |
| APM peak | 80 |
| eAPM avg | 23.5 |
| Villagers / military | 97 / 56 |
Focus
⚔️ 35.4% · 🌾 64.6%
Archer ×30 · Mangonel ×12 · Mameluke ×6 · Trebuchet (Packed) ×4 · Monk ×3 · Battering Ram ×1
Match map
Initial resources + every placement click. Lines = walls · curves = elevation contours. ◆ gold · ⬟ stone · ● berries · ✦ relic · ◌ wall gap
Your base· ✓ Closed at 23:37 · 0t walls · 4 gate(s)
_Tomate's base· ✓ Closed at 18:49 · 16t walls · 2 gate(s)
Smoothed initial terrain · ◌ = detected wall gap · hover for details
Inputs per minute
— MatzeAoE - - _Tomate
Build order — MatzeAoE
First 150 of 216 actions detected
| 0:01 | Create | Villager (Male) |
| 0:01 | Create | Villager (Male) |
| 0:02 | Build | House |
| 0:05 | Build | House |
| 0:11 | Create | Villager (Male) |
| 0:11 | Create | Villager (Male) |
| 1:25 | Create | Villager (Male) |
| 2:01 | Create | Villager (Male) |
| 2:31 | Build | Lumber Camp |
| 2:34 | Create | Villager (Male) |
| 2:34 | Create | Villager (Male) |
| 2:43 | Create | Villager (Male) |
| 2:51 | Create | Villager (Male) |
| 3:11 | Build | House |
| 3:16 | Create | Villager (Male) |
| 3:40 | Create | Villager (Male) |
| 4:04 | Create | Villager (Male) |
| 4:13 | Create | Villager (Male) |
| 4:13 | Create | Villager (Male) |
| 4:45 | Create | Villager (Male) |
| 4:45 | Create | Villager (Male) |
| 4:52 | Create | Villager (Male) |
| 5:00 | Create | Villager (Male) |
| 5:33 | Build | Mining Camp |
| 5:48 | Create | Villager (Male) |
| 6:08 | Research | Feudal Age |
| 7:03 | Build | Barracks |
| 7:18 | Create | Villager (Male) |
| 7:38 | Build | House |
| 7:59 | Build | House |
| 8:29 | Age | Feudal Age |
| 8:30 | Build | Archery Range |
| 8:34 | Build | Mill |
| 8:36 | Create | Villager (Male) |
| 8:43 | Research | Double-Bit Axe |
| 8:56 | Build | Watch Tower |
| 9:06 | Create | Villager (Male) |
| 9:17 | Create | Archer |
| 9:17 | Create | Archer |
| 9:17 | Create | Archer |
| 9:32 | Research | Loom |
| 9:39 | Build | House |
| 9:39 | Build | House |
| 9:43 | Create | Archer |
| 10:11 | Create | Villager (Male) |
| 10:17 | Create | Archer |
| 10:42 | Create | Villager (Male) |
| 10:42 | Create | Villager (Male) |
| 10:43 | Create | Villager (Male) |
| 10:54 | Build | Farm |
| 10:55 | Build | Farm |
| 10:58 | Build | Farm |
| 11:13 | Create | Villager (Male) |
| 11:22 | Build | Palisade Gate |
| 11:31 | Create | Archer |
| 11:44 | Create | Villager (Male) |
| 11:53 | Build | Mining Camp |
| 11:56 | Create | Villager (Male) |
| 12:11 | Create | Villager (Male) |
| 12:19 | Create | Villager (Male) |
| 12:43 | Create | Villager (Male) |
| 12:44 | Create | Archer |
| 12:44 | Create | Archer |
| 12:47 | Build | House |
| 12:48 | Build | House |
| 12:55 | Create | Archer |
| 12:55 | Create | Villager (Male) |
| 13:21 | Create | Villager (Male) |
| 13:49 | Build | Watch Tower |
| 13:53 | Create | Villager (Male) |
| 14:05 | Build | Blacksmith |
| 14:08 | Create | Villager (Male) |
| 14:13 | Create | Archer |
| 14:35 | Create | Villager (Male) |
| 14:40 | Research | Fletching |
| 14:53 | Create | Villager (Male) |
| 14:58 | Create | Archer |
| 14:58 | Create | Villager (Male) |
| 15:04 | Create | Villager (Male) |
| 15:17 | Build | House |
| 15:17 | Build | House |
| 15:22 | Create | Archer |
| 15:26 | Build | House |
| 15:34 | Build | Farm |
| 15:35 | Build | Farm |
| 15:42 | Build | House |
| 15:45 | Create | Villager (Male) |
| 15:59 | Create | Villager (Male) |
| 16:30 | Build | Watch Tower |
| 16:43 | Create | Archer |
| 16:45 | Build | Farm |
| 16:47 | Build | Farm |
| 16:49 | Build | Farm |
| 16:59 | Create | Villager (Male) |
| 17:10 | Create | Villager (Male) |
| 17:17 | Create | Villager (Male) |
| 17:17 | Create | Archer |
| 17:28 | Build | Watch Tower |
| 17:30 | Create | Villager (Male) |
| 17:32 | Create | Archer |
| 17:34 | Create | Archer |
| 17:35 | Create | Villager (Male) |
| 17:52 | Create | Villager (Male) |
| 17:52 | Create | Archer |
| 18:08 | Create | Villager (Male) |
| 18:12 | Create | Villager (Male) |
| 18:16 | Create | Archer |
| 18:34 | Build | Farm |
| 18:35 | Build | Farm |
| 18:37 | Build | Market |
| 19:07 | Research | Horse Collar |
| 19:47 | Create | Villager (Male) |
| 20:06 | Build | Lumber Camp |
| 20:08 | Build | Lumber Camp |
| 20:09 | Create | Villager (Male) |
| 20:10 | Build | Farm |
| 20:12 | Build | Farm |
| 20:12 | Build | Farm |
| 20:57 | Research | Castle Age |
| 21:02 | Build | Mining Camp |
| 21:53 | Create | Archer |
| 21:53 | Create | Archer |
| 22:28 | Build | House |
| 22:29 | Build | House |
| 22:31 | Build | House |
| 23:14 | Build | House |
| 23:15 | Build | House |
| 23:17 | Build | House |
| 23:18 | Build | House |
| 23:21 | Build | House |
| 23:30 | Build | House |
| 23:37 | Age | Castle Age |
| 23:39 | Research | Crossbowman (upgrade) |
| 23:42 | Research | Bodkin Arrow |
| 23:45 | Create | Villager (Male) |
| 23:50 | Build | Siege Workshop |
| 24:05 | Create | Villager (Male) |
| 24:18 | Create | Villager (Male) |
| 24:25 | Build | Castle |
| 24:29 | Create | Mangonel |
| 24:39 | Create | Villager (Male) |
| 24:42 | Build | House |
| 25:08 | Build | Lumber Camp |
| 25:10 | Create | Villager (Male) |
| 25:25 | Create | Mangonel |
| 26:16 | Create | Mangonel |
| 26:41 | Create | Villager (Male) |
| 27:00 | Create | Villager (Male) |
| 27:02 | Create | Mangonel |
| 27:36 | Create | Battering Ram |
Build order — _Tomate
First 150 of 300 actions detected
| 0:00 | Create | Villager (Male) |
| 0:00 | Create | Villager (Male) |
| 0:01 | Create | Villager (Male) |
| 0:01 | Create | Villager (Male) |
| 0:02 | Build | House |
| 0:03 | Build | House |
| 1:27 | Create | Villager (Male) |
| 1:48 | Build | Lumber Camp |
| 1:55 | Build | Lumber Camp |
| 1:59 | Create | Villager (Male) |
| 2:19 | Create | Villager (Male) |
| 2:30 | Create | Villager (Male) |
| 3:00 | Create | Villager (Male) |
| 3:34 | Create | Villager (Male) |
| 3:48 | Build | House |
| 3:51 | Build | House |
| 3:59 | Create | Villager (Male) |
| 4:17 | Create | Villager (Male) |
| 4:38 | Build | Mill |
| 4:45 | Create | Villager (Male) |
| 4:45 | Create | Villager (Male) |
| 5:01 | Create | Villager (Male) |
| 5:20 | Create | Villager (Male) |
| 5:38 | Build | House |
| 6:04 | Build | House |
| 6:09 | Build | House |
| 6:12 | Create | Villager (Male) |
| 6:58 | Create | Villager (Male) |
| 6:58 | Create | Villager (Male) |
| 7:32 | Create | Villager (Male) |
| 7:47 | Build | House |
| 7:55 | Build | Farm |
| 7:58 | Build | Farm |
| 7:59 | Create | Villager (Male) |
| 8:26 | Create | Villager (Male) |
| 8:34 | Research | Loom |
| 8:45 | Build | Mining Camp |
| 8:55 | Research | Feudal Age |
| 9:14 | Build | House |
| 9:22 | Build | House |
| 9:26 | Build | House |
| 9:31 | Build | Barracks |
| 9:34 | Create | Villager (Male) |
| 9:55 | Build | Palisade Wall |
| 9:57 | Create | Villager (Male) |
| 10:03 | Build | Palisade Wall |
| 11:20 | Age | Feudal Age |
| 11:24 | Build | Archery Range |
| 11:27 | Research | Double-Bit Axe |
| 11:28 | Research | Double-Bit Axe |
| 11:30 | Create | Villager (Male) |
| 11:33 | Build | House |
| 11:35 | Build | House |
| 11:54 | Create | Archer |
| 11:56 | Build | Market |
| 12:03 | Build | Farm |
| 12:10 | Build | Watch Tower |
| 12:17 | Build | Watch Tower |
| 12:19 | Create | Archer |
| 12:37 | Build | House |
| 12:38 | Build | House |
| 12:40 | Create | Villager (Male) |
| 12:40 | Create | Villager (Male) |
| 12:40 | Create | Villager (Male) |
| 12:57 | Create | Archer |
| 13:11 | Build | Blacksmith |
| 13:29 | Create | Villager (Male) |
| 13:31 | Build | Farm |
| 13:32 | Build | Farm |
| 13:35 | Create | Archer |
| 14:10 | Create | Archer |
| 14:12 | Create | Villager (Male) |
| 14:17 | Build | Farm |
| 14:20 | Build | Farm |
| 14:22 | Build | Farm |
| 14:44 | Create | Villager (Male) |
| 14:49 | Create | Archer |
| 15:00 | Build | Mining Camp |
| 15:13 | Create | Villager (Male) |
| 15:28 | Build | Lumber Camp |
| 16:09 | Research | Castle Age |
| 16:12 | Create | Archer |
| 16:13 | Create | Archer |
| 16:47 | Research | Fletching |
| 16:47 | Research | Fletching |
| 16:48 | Create | Archer |
| 17:11 | Build | Farm |
| 17:42 | Build | Farm |
| 17:45 | Create | Archer |
| 18:00 | Create | Villager (Male) |
| 18:49 | Age | Castle Age |
| 18:53 | Research | Crossbowman (upgrade) |
| 19:02 | Research | Bodkin Arrow |
| 19:10 | Build | House |
| 19:11 | Create | Villager (Male) |
| 19:21 | Build | Castle |
| 19:54 | Create | Villager (Male) |
| 19:54 | Create | Villager (Male) |
| 20:05 | Build | Siege Workshop |
| 20:14 | Create | Villager (Male) |
| 20:32 | Build | Farm |
| 20:55 | Build | University |
| 21:04 | Create | Villager (Male) |
| 21:15 | Create | Archer |
| 21:20 | Create | Mangonel |
| 21:22 | Create | Battering Ram |
| 21:23 | Build | House |
| 21:27 | Create | Villager (Male) |
| 21:48 | Create | Mangonel |
| 21:56 | Build | House |
| 22:02 | Create | Villager (Male) |
| 22:04 | Create | Villager (Male) |
| 22:04 | Create | Villager (Male) |
| 22:11 | Build | Farm |
| 22:18 | Build | House |
| 22:22 | Create | Archer |
| 22:22 | Create | Archer |
| 22:32 | Research | Ballistics |
| 22:44 | Create | Villager (Male) |
| 22:44 | Create | Villager (Male) |
| 22:56 | Build | House |
| 23:05 | Create | Archer |
| 23:17 | Create | Mangonel |
| 23:28 | Create | Villager (Male) |
| 23:28 | Create | Villager (Male) |
| 23:30 | Build | House |
| 23:52 | Create | Villager (Male) |
| 24:15 | Create | Villager (Male) |
| 24:15 | Create | Mangonel |
| 24:18 | Build | House |
| 24:41 | Create | Villager (Male) |
| 24:51 | Build | Farm |
| 24:52 | Build | House |
| 24:53 | Create | Archer |
| 24:54 | Create | Archer |
| 24:54 | Create | Villager (Male) |
| 25:18 | Build | Lumber Camp |
| 25:34 | Create | Mangonel |
| 25:58 | Create | Villager (Male) |
| 25:59 | Create | Villager (Male) |
| 26:04 | Build | Farm |
| 26:05 | Create | Villager (Male) |
| 26:05 | Create | Villager (Male) |
| 26:06 | Create | Archer |
| 26:07 | Create | Archer |
| 26:18 | Build | House |
| 26:18 | Build | Monastery |
| 26:54 | Create | Villager (Male) |
| 26:55 | Create | Villager (Male) |
| 27:12 | Create | Monk |
Match timeline
| 7:03 | MatzeAoE · first_building Barracks |
| 8:29 | MatzeAoE · age_up feudal |
| 8:30 | MatzeAoE · first_building Archery Range |
| 9:31 | _Tomate · first_building Barracks |
| 9:55 | _Tomate · wall_segment Palisade Wall x5 |
| 10:03 | _Tomate · wall_segment Palisade Wall x11 |
| 11:20 | _Tomate · age_up feudal |
| 11:24 | _Tomate · first_building Archery Range |
| 13:09 | _Tomate · first_market_buy 100 wood |
| 16:46 | _Tomate · first_market_sell 100 wood |
| 18:49 | _Tomate · age_up castle |
| 19:21 | _Tomate · first_building Castle |
| 20:05 | _Tomate · first_building Siege Workshop |
| 23:37 | MatzeAoE · age_up castle |
| 23:50 | MatzeAoE · first_building Siege Workshop |
| 24:25 | MatzeAoE · first_building Castle |
| 26:18 | _Tomate · first_building Monastery |
| 26:28 | MatzeAoE · first_market_buy 100 wood |
| 38:36 | MatzeAoE · first_market_sell 500 stone |
| 40:14 | _Tomate · age_up imperial |
| 40:27 | MatzeAoE · resign |
[ AI ANALYSIS · 1 CREDIT ]
What really happened in this match?
Wolo.gg analyzes every decision: build order, eco, micro, common mistakes by bracket. Personalized analysis on WhatsApp or Discord in 30 seconds.
Civ guide
Romans
Perfil
Jugador #25940851